[Event "Titled Tuesday Blitz March 21 Early 2023"]
[White "Singgih, Diajeng Theresa"]
[Black "Abrosimov, Vladimir"]
[WhiteFideId "7104391"]
[BlackFideId "4166892"]
[WhiteElo "1891"]
[BlackElo "2336"]
[Result "0-1"]
[Round "11"]
[TimeControl "180+2"]
[Date "2023.03.21"]
[WhiteClock "0:00:55"]
[BlackClock "0:01:21"]

1. e4 c5 2. Nf3 d6 3. d4 cxd4 4. Nxd4 Nf6 5. Nc3 a6 6. h3 e5 7. Nb3 Be6 8. Be3 Be7 9. Be2 O-O 10. O-O Nc6 11. f4 exf4 12. Bxf4 Ne5 13. Nd4 Qb6 14. b3 Rac8 15. Na4 Qa7 16. Be3 Nc6 17. Rf3 Qb8 18. Nb6 Rcd8 19. c4 Ne5 20. Rg3 Nxe4 21. Rxg7+ 0-1


[Site "https://www.chess.com"]

[Event "Titled Tuesday Blitz March 21 Early 2023"]
[White "Tarnowska, Aleksandra"]
[Black "Ciuffoletti, Paolo"]
[WhiteFideId "1180967"]
[BlackFideId "807630"]
[WhiteElo "1776"]
[BlackElo "2143"]
[Result "0-1"]
[Round "11"]
[TimeControl "180+2"]
[Date "2023.03.21"]
[WhiteClock "0:00:01"]
[BlackClock "0:00:17"]

1. e4 c5 2. Nf3 Nc6 3. Bb5 e6 4. O-O Nge7 5. c3 Ng6 6. d4 cxd4 7. cxd4 d5 8. exd5 exd5 9. Ne5 Nxe5 10. dxe5 Be7 11. Nc3 Be6 12. f4 Qb6+ 13. Kh1 d4 14. Bxc6+ Qxc6 15. Qxd4 Bc4 16. Re1 O-O 17. Qe4 Bh4 18. Qxc6 bxc6 19. Rd1 Bf2 20. b3 Ba6 21. Ba3 Rfd8 22. Ne4 Bd4 23. Rac1 Be2 24. Re1 Bd3 25. Rcd1 Bxe4 26. Rxe4 Bb2 27. Ree1 Bxa3 0-1


[Site "https://www.chess.com"]

[Event "Titled Tuesday Blitz March 21 Early 2023"]
[White "ritanovikova"]
[Black "Kiseleva, Arina"]
[BlackFideId "4164989"]
[WhiteElo "2194"]
[BlackElo "1756"]
[Result "0-1"]
[Round "11"]
[TimeControl "180+2"]
[Date "2023.03.21"]
[WhiteClock "0:00:07"]
[BlackClock "0:00:06"]

1. e4 c6 2. d4 d5 3. Nd2 dxe4 4. Nxe4 Nf6 5. Nxf6+ exf6 6. Nf3 Bd6 7. h3 O-O 8. Be2 Bc7 9. Be3 Nd7 10. Qd2 Nb6 11. Bf4 Bxf4 12. Qxf4 Nd5 13. Qd2 Re8 14. O-O f5 15. Bd3 g6 16. a3 Kg7 17. c4 Nf6 18. Qc3 Qd6 19. Rfe1 Bd7 20. Ne5 Rad8 21. Rad1 Be6 22. Bb1 Kg8 23. Rd2 Bc8 24. Red1 Qc7 25. b4 b6 26. Nf3 Ne4 27. Bxe4 Rxe4 28. Ng5 Re7 29. h4 Rde8 30. Rd3 f4 31. Qd2 Bf5 32. Rf3 Bg4 33. d5 cxd5 34. cxd5 Qd6 35. Rc1 Bxf3 36. Nxf3 Rd7 37. Rd1 h6 38. Qc3 Red8 39. h5 Qc7 40. Qf6 Qd6 41. Qh4 g5 42. Qg4 Qf6 43. Rc1 Rxd5 44. Kh2 Rd1 45. Rc7 R1d6 46. Rxa7 Qe6 47. a4 Qxg4 48. a5 Qe6 49. a6 b5 50. Rb7 Rxa6 51. Rxb5 Ra2 52. Re5 Qxe5 53. Nxe5 Rdd2 54. Ng4 Rxf2 55. Nxf2 Rxf2 56. Kh3 Rb2 57. Kg4 Rxb4 58. Kf5 Rb5+ 0-1


[Site "https://www.chess.com"]

[Event "Titled Tuesday Blitz March 21 Early 2023"]
[White "th3d4rkness"]
[Black "Rose, Felix"]
[BlackFideId "5105722"]
[WhiteElo "2115"]
[BlackElo "2039"]
[Result "0-1"]
[Round "11"]
[TimeControl "180+2"]
[Date "2023.03.21"]
[WhiteClock "0:00:06"]
[BlackClock "0:00:26"]

1. e4 c6 2. d4 d5 3. e5 c5 4. dxc5 e6 5. a3 Nc6 6. Nf3 Bxc5 7. b4 Be7 8. Bd3 Qc7 9. Bb2 f6 10. exf6 Bxf6 11. Bxf6 Nxf6 12. O-O O-O 13. Nc3 e5 14. Nxd5 Nxd5 15. Bxh7+ Kxh7 16. Qxd5 Bf5 17. Qc4 a6 18. Rfe1 Rae8 19. a4 e4 20. Nd4 Qf4 21. Nxc6 bxc6 22. Ra3 Qxf2+ 23. Kxf2 Be6+ 24. Kg1 Bxc4 25. Rh3+ Kg8 26. Rh4 Bd5 27. h3 e3 28. Rd4 Rf2 29. c4 Rxg2+ 30. Kf1 Bf3 0-1


[Site "https://www.chess.com"]

[Event "Titled Tuesday Blitz March 21 Early 2023"]
[White "Sanchez, Robert"]
[Black "Winkels, Marcel"]
[WhiteFideId "2034360"]
[BlackFideId "1003887"]
[WhiteElo "2162"]
[BlackElo "1900"]
[Result "0-1"]
[Round "11"]
[TimeControl "180+2"]
[Date "2023.03.21"]
[WhiteClock "0:01:44"]
[BlackClock "0:00:19"]

1. e4 c5 2. Nf3 Nc6 3. d4 cxd4 4. Nxd4 e5 5. Nb5 a6 6. Nd6+ Bxd6 7. Qxd6 Qf6 8. Qxf6 Nxf6 9. Nc3 b5 10. Bg5 b4 11. Nd5 Nxd5 12. exd5 Nd4 13. O-O-O d6 14. f4 Bf5 15. fxe5 dxe5 16. Bd3 Bxd3 17. Rxd3 f6 18. Be3 Nf5 19. Bf2 Kd7 20. a3 a5 21. Re1 Rhc8 22. Kb1 Rab8 23. Re4 Nd6 24. Rh4 h6 25. Rg3 Ne8 26. axb4 Rxb4 27. Rxb4 axb4 28. Rb3 Rc4 29. Be1 Nc7 30. Rxb4 Rxb4 31. Bxb4 Nxd5 32. Bf8 g5 33. Bxh6 Ke7 34. Kc1 Kf7 35. Kd2 Ne7 36. h4 Kg6 37. hxg5 fxg5 38. Bf8 Nd5 39. b4 Kf7 40. Bc5 Nf4 41. g3 Ne6 42. Bf2 Ke7 43. Ke3 Kd6 44. Ke4 Nc7 45. c4 Ke6 46. b5 Ne8 47. b6 Nd6+ 0-1


[Site "https://www.chess.com"]

[Event "Titled Tuesday Blitz March 21 Early 2023"]
[White "Vargas Pereda, Jesus Manue"]
[Black "Palacio,Igor Da Paz"]
[WhiteFideId "5115710"]
[BlackFideId "2121140"]
[WhiteElo "1914"]
[BlackElo "2126"]
[Result "0-1"]
[Round "11"]
[TimeControl "180+2"]
[Date "2023.03.21"]
[WhiteClock "0:00:16"]
[BlackClock "0:00:20"]

1. d4 Nf6 2. Bf4 d6 3. Nc3 b6 4. Nf3 Bb7 5. Bg5 Nbd7 6. Qd3 c5 7. e4 cxd4 8. Nxd4 a6 9. f3 h6 10. Be3 e6 11. O-O-O Rc8 12. Kb1 Be7 13. g4 Ne5 14. Qd2 Qc7 15. h4 Nfd7 16. Be2 Nc4 17. Bxc4 Qxc4 18. g5 h5 19. g6 f6 20. f4 b5 21. f5 b4 22. fxe6 bxc3 23. exd7+ Kxd7 24. Qxc3 Qxc3 25. bxc3 Bxe4 26. Rhe1 f5 27. Ne2 Bxh4 28. Bd4 Bxe1 29. Rxe1 Rb8+ 30. Kc1 Rbg8 31. Nf4 h4 32. Nh3 Bg2 33. Ng5 h3 34. Nf7 Rh5 35. Rd1 h2 36. Kb2 h1=Q 37. Bg1 Bd5 38. c4 Bxf7 39. gxf7 Rb8+ 40. Kc3 Rh3+ 41. Kd2 Qg2+ 42. Kc1 Qg5+ 43. Rd2 Qxg1+ 44. Rd1 Qe3+ 45. Rd2 Rh1# 0-1


[Site "https://www.chess.com"]

[Event "Titled Tuesday Blitz March 21 Early 2023"]
[White "dorpato"]
[Black "Larina, Maria"]
[BlackFideId "24113182"]
[WhiteElo "1972"]
[BlackElo "1848"]
[Result "0-1"]
[Round "11"]
[TimeControl "180+2"]
[Date "2023.03.21"]
[WhiteClock "0:01:31"]
[BlackClock "0:02:00"]

1. d4 f5 2. Nf3 Nf6 3. e3 d6 4. b3 g6 5. Bb2 Bg7 6. c4 O-O 7. Nc3 Nc6 8. Qd2 e5 9. O-O-O e4 10. Ne1 a5 11. f3 Qe8 12. fxe4 Nxe4 13. Nxe4 fxe4 14. g3 Bg4 15. Bg2 Bxd1 16. Qxd1 Nb4 17. Qd2 Nxa2+ 18. Kb1 Nb4 19. Nc2 Nxc2 20. Qxc2 a4 21. Bxe4 axb3 22. Bd5+ Kh8 23. Qxb3 c6 24. Bg2 Rf2 25. Bh3 Qf7 26. Bg4 Rf1+ 27. Rxf1 Qxf1+ 28. Qd1 Qxc4 29. Qf3 Qd3+ 30. Kc1 Rf8 0-1


[Site "https://www.chess.com"]

[Event "Titled Tuesday Blitz March 21 Early 2023"]
[White "Prado, Alexandra"]
[Black "Vargas, Mauricio"]
[WhiteFideId "3301346"]
[BlackFideId "4404572"]
[WhiteElo "1759"]
[BlackElo "2025"]
[Result "0-1"]
[Round "11"]
[TimeControl "180+2"]
[Date "2023.03.21"]
[WhiteClock "0:00:10"]
[BlackClock "0:00:09"]

1. e4 d5 2. exd5 Qxd5 3. d4 c6 4. c4 Qa5+ 5. Nc3 Nf6 6. Nf3 Bg4 7. Be2 Nbd7 8. O-O e6 9. Bd2 Qc7 10. h3 Bh5 11. Bg5 Be7 12. Rc1 O-O 13. Bxf6 Nxf6 14. d5 exd5 15. cxd5 Qf4 16. dxc6 bxc6 17. Qa4 Bd6 18. Qxf4 Bxf4 19. Rcd1 Rfe8 20. g4 Bg6 21. Bc4 Ne4 22. Rd4 Nxc3 23. Rxf4 Ne2+ 24. Bxe2 Rxe2 25. Rb4 c5 26. Rb5 c4 27. Rc1 Bd3 28. Nd4 Re7 29. b3 cxb3 30. Nxb3 Bxb5 0-1